 Dungeon Crawl Stone Soup version 0.29.1-1-gd02db6906a (webtiles) character file.

Game seed: 13463893893273108249

261 tardwrangler69 the Magician (level 5, -2/28 HPs)
             Began as a Deep Elf Earth Elementalist on Oct 4, 2022.
             Slain by a lemure (8 damage)
             ... led by Pikel
             ... on level 3 of the Dungeon.
             The game lasted 00:06:50 (3664 turns).

tardwrangler69 the Magician (DEEE)                  Turns: 3664, Time: 00:06:50

Health: -2/28      AC:  4    Str:  5    XL:     5   Next: 96%
Magic:  9/15       EV: 12    Int: 22    God:
Gold:   53         SH:  0    Dex: 15    Spells: 10/16 levels left

rFire   . . .      SeeInvis .   (no weapon)
rCold   . . .      Faith    .   (no shield)
rNeg    . . .      Spirit   .   a - +0 robe
rPois   .          Reflect  .   (no helmet)
rElec   .          Harm     .   j - +0 cloak
rCorr   .          Rampage  .   (no gloves)
Will    .....                   i - +0 pair of boots
Stlth   ++........              (no amulet)
HPRegen 0.09/turn               (no ring)
MPRegen 0.14/turn               (no ring)

@: no status effects
A: no striking features
a: no special abilities


You were on level 3 of the Dungeon.
You visited 1 branch of the dungeon, and saw 4 of its levels.

You collected 149 gold pieces.
You spent 96 gold pieces at shops.

Inventory:

Armour
 a - a +0 robe (worn)
 i - a +0 pair of boots (worn)
 j - a +0 cloak (worn)
Scrolls
 c - a scroll of enchant weapon {unknown}
 d - 2 scrolls of immolation {unknown}
 f - 3 scrolls of teleportation {unknown}
 h - 2 scrolls of vulnerability
 k - a scroll of fog {unknown}
 m - 2 scrolls of identify {unknown}
 n - a scroll of enchant armour {unknown}
Potions
 b - a potion of magic
 e - a potion of mutation {unknown}
 g - a potion of brilliance
 l - a potion of flight {unknown}
 o - a potion of cancellation {unknown}
 p - a potion of heal wounds
 q - a potion of curing


   Skills:
 - Level 2.4 Dodging
 - Level 2.4 Stealth
 + Level 6.3 Spellcasting
 - Level 1.1 Transmutations
 + Level 5.7 Earth Magic


You had 10 spell levels left.
You knew the following spells:

 Your Spells              Type           Power      Damage    Failure   Level
a - Sandblast             Erth           64%        2d14      1%          1
b - Passwall              Tmut/Erth      17%        N/A       3%          2
c - Stone Arrow           Conj/Erth      38%        3d9       9%          3

Your spell library contained the following spells:

 Spells                   Type           Power      Damage    Failure   Level
 Beastly Appendage        Tmut           22%        N/A       5%          1
 Wereblood                Tmut           11%        N/A       9%          2
 Ignite Poison            Fire/Tmut/Pois 8%         N/A       22%         3
 Spider Form              Tmut/Pois      9%         N/A       22%         3
 Petrify                  Tmut/Erth      21%        N/A       22%         4
 Conjure Flame            Conj/Fire      6%         6-21      26%         3
 Ozocubu's Armour         Ice            6%         N/A       26%         3
 Corpse Rot               Necr/Pois/Air  6%         N/A       65%         4
 Dispel Undead            Necr           6%         3d8       65%         4
 Sticky Flame             Conj/Fire      6%         2d3       65%         4
 Blade Hands              Tmut           5%         N/A       83%         5
 Irradiate                Conj/Tmut      4%         3d13      89%         5
 Metabolic Englaciation   Hex/Ice        3%         N/A       94%         5
 Death Channel            Necr           3%         N/A       100%        6
 Simulacrum               Ice/Necr       3%         N/A       100%        6
 Dragon Form              Tmut           5%         N/A       100%        7


Dungeon Overview and Level Annotations

Branches:
Dungeon (4/15)
 Temple: D:4-7

Altars:
Dithmenos

Shops:
D:4 !(

Annotations:
D:1 Terence
D:2 1 runed translucent door, Crazy Yiuf
D:4 Pikel


Message History

Aiming: Sandblast (safe; 1% risk of failure)
Press: ? - help, Shift-Dir - straight line, f/p - lemure
Aim: a lemure (moderately wounded, 80% to hit)
The blast of sand hits the lemure.
The lemure is moderately wounded.
The lemure hits you. x2
Casting: Sandblast (safe; 1% risk of failure)
Confirm with . or Enter, or press ? or * to list all spells.
Aiming: Sandblast (safe; 1% risk of failure)
Press: ? - help, Shift-Dir - straight line, f/p - lemure
Aim: a lemure (moderately wounded, 80% to hit)
The blast of sand hits the lemure.
The lemure is heavily wounded.
The lemure barely misses you.
Casting: Sandblast (safe; 1% risk of failure)
Confirm with . or Enter, or press ? or * to list all spells.
Aiming: Sandblast (safe; 1% risk of failure)
Press: ? - help, Shift-Dir - straight line, f/p - lemure
Aim: a lemure (heavily wounded, 80% to hit)
The blast of sand misses the lemure.
The lemure hits you. The lemure hits you but does no damage.
Casting: Sandblast (safe; 1% risk of failure)
Confirm with . or Enter, or press ? or * to list all spells.
Aiming: Sandblast (safe; 1% risk of failure)
Press: ? - help, Shift-Dir - straight line, f/p - lemure
Aim: a lemure (heavily wounded, 80% to hit)
The blast of sand misses the lemure.
The lemure hits you!
Casting: Sandblast (safe; 1% risk of failure)
Confirm with . or Enter, or press ? or * to list all spells.
Aiming: Sandblast (safe; 1% risk of failure)
Press: ? - help, Shift-Dir - straight line, f/p - lemure
Aim: a lemure (heavily wounded, 80% to hit)
The blast of sand hits the lemure!
The lemure is severely wounded.
The lemure hits you.
* * * LOW HITPOINT WARNING * * *
The lemure hits you.
* * * LOW HITPOINT WARNING * * *
The lemure attacks as you move away! The lemure hits you!
You die...

.#.#..........######
#.##.##.#
.##.##.##..........#
#........
.##.##...††.(.####.#
#........ .......##.....#
#.# ######...
###.#####.....# #.# #...
#.# ####### #.# #... ##.#
######.####### #... #..#
#####............# #...
#.##
#.....##@#.....#.#####...
#.#
#.....##5.....÷.......)..
#.#
#........#...............
#.#
#.....##.#...##..........
##.###
#............###.#####...
.....# ########.#.).....#
#... ##.#.# ##.###.###.#
###... #..#.#
#..........# #.....
#.##.####### #.##########
#.#...


You could see a lemure.

Vanquished Creatures
  A howler monkey (D:4)
  An orc priest (D:3)
  Natasha (thrice) (D:2)
  3 adders
  A worm (D:4)
  3 dart slugs
  10 orcs (D:3)
  3 bats
  6 endoplasms
  A giant cockroach (D:2)
  9 hobgoblins
  2 jackals (D:1)
  4 kobolds
  A quokka (D:3)
  8 ball pythons
  3 frilled lizards
  8 goblins
  6 rats
73 creatures vanquished.

Notes
Turn   | Place    | Note
-------+----------+-------------------------------------------
     0 | D:1      | tardwrangler69 the Deep Elf Earth Elementalist began the
                  | quest for the Orb.
     0 | D:1      | Reached XP level 1. HP: 10/10 MP: 6/6
   155 | D:1      | Reached XP level 2. HP: 11/15 MP: 2/8
   550 | D:1      | Reached skill level 4 in Spellcasting
   622 | D:1      | Reached XP level 3. HP: 19/19 MP: 7/10
   902 | D:2      | Noticed Natasha
   906 | D:2      | Killed Natasha
  1061 | D:2      | Noticed Natasha
  1064 | D:2      | Killed Natasha
  1065 | D:2      | Reached XP level 4. HP: 18/24 MP: 9/12
  1189 | D:2      | Reached skill level 5 in Spellcasting
  1404 | D:2      | Found a runed translucent door.
  1405 | D:2      | Noticed Crazy Yiuf
  1557 | D:2      | Noticed Terence
  1625 | D:1      | Learned a level 2 spell: Passwall
  1629 | D:1      | Learned a level 3 spell: Stone Arrow
  1883 | D:2      | Noticed Natasha
  1887 | D:2      | Killed Natasha
  1888 | D:2      | Reached skill level 5 in Earth Magic
  1888 | D:2      | Reached XP level 5. HP: 19/28 MP: 11/14
  2776 | D:3      | Found a faded altar of an unknown god.
  3372 | D:3      | Reached skill level 6 in Spellcasting
  3538 | D:3      | Found a shadowy altar of Dithmenos.
  3595 | D:4      | Found Xuzxutzi's Antique Weapon Boutique.
  3618 | D:4      | Found Vioshrish's Distillery.
  3626 | D:4      | Bought a potion of heal wounds for 60 gold pieces
  3626 | D:4      | Bought a potion of curing for 36 gold pieces
  3636 | D:4      | Noticed a lemure
  3637 | D:4      | Noticed Pikel
  3640 | D:4      | Noticed a lemure
  3664 | D:3      | Slain by a lemure

Illustrated notes

Levels and vault maps discovered:
D:1:      mainiacjoe_arrival_reflecting_pool, layout_rooms
D:2:      layout_loops_ring, uniq_terence, uniq_natasha, uniq_crazy_yiuf_cottage
D:3:      layout_loops_cross, mainiacjoe_overflow_alcove_1,
          hellmonk_ecumenical_altar_leap_of_faith
D:4:      layout_cave_pools, kiku_gazebo_pond_becter, marbit_many_paths,
          nicolae_wu_jian_wuxing_cycle, serial_shops, shop,
          kennysheep_mini_moat, nicolae_shop_statue_plus, shop,
          nicolae_stop_n_shop_1, chequers_serial_rivers_micro_c, uniq_pikel

Skill      XL: |  1  2  3  4  5 |
---------------+----------------+-----
Earth Magic    | 4 5 |  5.7
Spellcasting   | 4 5 6 |  6.3
Dodging        | |  2.4
Stealth        | |  2.4
Transmutations | |  1.1

Action                   |  1- 3 |  4- 6 || total
-------------------------+-------+-------++-------
Melee: Unarmed           |     2 |     1 ||     3
 Cast: Sandblast         |    40 |    80 ||   120
  Use: Potion            |       |     2 ||     2
       Scroll            |       |     3 ||     3
Armor: Robe              |     2 |     5 ||     7
Dodge: Dodged            |     4 |    26 ||    30
